 Dungeon Crawl Stone Soup version 0.31.0-11-ge490571c62 (webtiles) character file.

Game seed: 13487849952575334619

233 Arcadio the Cudgeller (level 6, -4/39 HPs)
             Began as a Gargoyle Gladiator on Jan 31, 2024.
             Slain by Menkaure (16 damage)
             ... on level 4 of the Dungeon.
             The game lasted 00:04:46 (3202 turns).

Arcadio the Cudgeller (Gargoyle Gladiator)          Turns: 3202, Time: 00:04:47

Health: -4/39      AC: 17    Str: 19    XL:     6   Next: 5%
Magic:  6/6        EV:  9    Int:  9    God:
Gold:   162        SH:  0    Dex: 23    Spells: 5/5 levels left

rFire   . . .        z - +0 hammer
rCold   . . .        (no shield)
rNeg    + . .        x - +0 chain mail
rPois   ∞            c - +0 helmet
rElec   +            y - +0 cloak
rCorr   .            q - +0 pair of gloves
SInv    .            u - +0 pair of boots
Will    .....        (no amulet) Stlth
                     k - +6 ring of dexterity
HPRegen 0.26/turn    m - +6 ring of dexterity
MPRegen 0.10/turn

%: no passive effects
@: no status effects
A: sickness immunity, AC +4, negative energy resistance 1, electricity
resistance, torment resistance 1, petrification resistance
a: no special abilities


You were on level 4 of the Dungeon.
You visited 1 branch of the dungeon, and saw 4 of its levels.

You collected 162 gold pieces.

Inventory:

Hand Weapons
 a - a +0 flail
 z - a +0 hammer (weapon)
Missiles
 d - 5 throwing nets (quivered)
 e - a javelin
Armour
 b - a +0 leather armour
 c - a +0 helmet (worn)
 q - a +0 pair of gloves (worn)
 u - a +0 pair of boots (worn)
 x - a +0 chain mail (worn)
 y - a +0 cloak (worn)
Jewellery
 k - a +6 ring of dexterity (left hand)
 m - a +6 ring of dexterity (right hand)
 A - a +6 ring of dexterity
Scrolls
 h - 2 scrolls of vulnerability
 j - a scroll of poison {unknown}
 o - a scroll of fear {unknown}
 p - 2 scrolls of enchant armour {unknown}
 r - a scroll of identify
 s - a scroll of noise {unknown}
 B - 2 scrolls of amnesia {unknown}
Potions
 f - a potion of enlightenment {unknown}
 i - a potion of brilliance
 l - a potion of attraction
 n - a potion of invisibility {unknown}
 t - a potion of curing {unknown}
 v - a potion of lignification {unknown}
 w - a potion of haste {unknown}
 C - a potion of resistance {unknown}


   Skills:
 + Level 4.5 Fighting
 + Level 4.6 Maces & Flails
 - Level 1.7 Throwing
 + Level 1.8 Armour
 - Level 2.9 Dodging


You had 5 spell levels left.
You didn't know any spells.
Your spell library contained the following spells:

 Spells                   Type           Power      Damage    Failure   Level
 Freeze                   Ice            0%         1d3       98%         1
 Magic Dart               Conj           0%         1d3       98%         1
 Blink                    Tloc           0%         N/A       99%         2
 Call Imp                 Summ           0%         N/A       99%         2
 Frozen Ramparts          Ice            0%         1d1       100%        3
 Hailstorm                Conj/Ice       0%         3d5       100%        3
 Summon Ice Beast         Ice/Summ       0%         N/A       100%        3
 Ignite Poison            Fire/Alch      0%         N/A       100%        4
 Freezing Cloud           Conj/Ice/Air   0%         6-21      100%        5
 Sculpt Simulacrum        Ice/Alch       0%         N/A       100%        6
 Cigotuvi's Dreadful Rot  Necr/Alch/Air  Unusable   N/A       N/A         2

Dungeon Overview and Level Annotations

Branches:
Dungeon (4/15)
 Temple: D:4-7

Altars:
Gozag
Okawaru
Trog
Xom

Annotations:
D:4 Menkaure


Innate Abilities, Weirdness & Mutations

You are immune to sickness and miasma.
Your stone body is resilient. (AC +4)
You are immune to poison.
You resist negative energy. (rN+)
You are resistant to electric shocks. (rElec)
You are resistant to unholy torment.
You are immune to petrification.


Message History

Menkaure hits you!
* * * LOW HITPOINT WARNING * * *
Menkaure closely misses you.
You feel much better. Menkaure hits you!
You barely miss Menkaure.
Menkaure is moderately damaged.
Menkaure gestures at you while chanting.
Pain shoots through your body!
You hit Menkaure.
Menkaure is moderately damaged.
Menkaure barely misses you.
Menkaure gestures at you while chanting.
Pain shoots through your body!
* * * LOW HITPOINT WARNING * * *
You feel much better. Menkaure hits you!
You barely miss Menkaure.
Menkaure is moderately damaged.
Menkaure barely misses you.
You barely miss Menkaure.
Menkaure is moderately damaged.
Menkaure hits you but does no damage. Menkaure barely misses you.
You hit Menkaure.
Menkaure is heavily damaged.
Menkaure hits you but does no damage.
You hit Menkaure.
Menkaure is severely damaged.
Menkaure calls on the powers of darkness!
Your body is wracked with pain!
Menkaure casts a spell at you. Pain shoots through your body!
You closely miss Menkaure.
Menkaure is severely damaged.
Menkaure closely misses you.
You hit Menkaure.
Menkaure is severely damaged.
Menkaure hits you.
You completely miss Menkaure.
Menkaure is severely damaged.
Menkaure hits you!
You die...

#######
......######################
......#...............).....
......'.....................
......#.........M...?.......
......###..####.@.###...##.#
........########'## ...#
........#.........# .....
........#.........# .......
........#.........# .......
........#########+# ...M###
#+####.....# ....# #.....#
#.....#


You could see Menkaure (fast).

Vanquished Creatures
  A hound (D:4)
  Crazy Yiuf (D:3)
  A jelly (D:4)
  An iguana (D:4)
  2 adders (D:3)
  2 ribbon worms (D:2)
  6 dart slugs
  2 orcs (D:3)
  6 endoplasms
  2 giant cockroaches
  7 goblins
  12 hobgoblins
  2 jackals (D:2)
  6 kobolds
  2 quokkas
  6 ball pythons
  10 bats
  5 frilled lizards (D:1)
  7 rats
81 creatures vanquished.

Vanquished Creatures (others)
  An endoplasm (D:4)
1 creature vanquished.

Grand Total: 82 creatures vanquished

Notes
Turn   | Place    | Note
-------+----------+-------------------------------------------
     0 | D:1      | Arcadio the Gargoyle Gladiator began the quest for the Orb.
     0 | D:1      | Reached XP level 1. HP: 12/12 MP: 1/1
   229 | D:1      | Reached XP level 2. HP: 14/18 MP: 2/2
   549 | D:1      | Reached XP level 3. HP: 19/22 MP: 3/3
  1016 | D:2      | Reached XP level 4. HP: 28/28 MP: 4/4
  1606 | D:3      | Found an iron altar of Okawaru.
  1808 | D:3      | Found an opulent altar of Gozag.
  2134 | D:3      | Found a runed translucent door.
  2135 | D:3      | Noticed Crazy Yiuf
  2323 | D:3      | Reached XP level 5. HP: 33/33 MP: 5/5
  2779 | D:3      | Killed Crazy Yiuf
  2896 | D:4      | Found a shimmering altar of Xom.
  2904 | D:4      | Reached skill level 1 in Armour
  3054 | D:4      | Reached XP level 6. HP: 21/39 MP: 6/6
  3128 | D:4      | Found a bloodstained altar of Trog.
  3175 | D:4      | Noticed Menkaure
  3202 | D:4      | Slain by Menkaure

Illustrated notes

Levels and vault maps discovered:
D:1:      dpeg_arrival_ternary, layout_loops_ring, st_stairs_14
D:2:      layout_basic
D:3:      layout_basic, grunt_gozag_breadcrumbs, old_standard_altar,
          minmay_goblin_kobold_house, uniq_crazy_yiuf_cottage
D:4:      layout_gridville, mainiacjoe_overflow_cross_hatched, trog_book,
          uniq_menkaure, uniq_duvessa

Skill      XL: |  1  2  3  4  5 |
---------------+----------------+-----
Fighting       | 3 4 |  4.5
Maces & Flails | 4 |  4.6
Armour         | 1 |  1.8
Throwing       | |  1.7
Dodging        | |  2.9

Action                     |  1- 3 |  4- 6 || total
---------------------------+-------+-------++-------
  Melee: Flail             |   117 |    90 ||   207
         Mace              |       |    45 ||    45
         Punch             |       |     1 ||     1
    Use: Scroll            |       |     4 ||     4
         Potion            |       |     3 ||     3
   Stab: Sleeping          |     6 |     4 ||    10
 Armour: Leather armour    |    58 |    42 ||   100
         Chain mail        |       |    46 ||    46
  Dodge: Dodged            |    97 |    95 ||   192
